 Dungeon Crawl Stone Soup version 0.27-a0-909-g0721f309d1 (webtiles) character file.

Game seed: 1077821663460854022

2263 robertstho the Frost Mage (level 9, 0/65 HPs)
             Began as a Gnoll Ice Elementalist on Apr 8, 2021.
             Was a Believer of Sif Muna.
             Engulfed by a cloud of steam (9 damage)
             ... on level 6 of the Dungeon.
             The game lasted 00:14:14 (9158 turns).

robertstho the Frost Mage (Gnoll Ice Elementalist)  Turns: 9158, Time: 00:14:14

Health: 0/65       AC:  5    Str:  7    XL:     9   Next: 38%
Magic:  18/18      EV: 16    Int: 18    God:    Sif Muna [**....]
Gold:   236        SH:  0    Dex: 19    Spells: 4/21 levels left

rFire    . . .     SeeInvis .   g - +2 dagger (venom)
rCold    . . .     Faith    .   (no shield)
rNeg     . . .     Spirit   .   a - +0 robe
rPois    .         Reflect  .   (no helmet)
rElec    .         Harm     .   s - +0 cloak
rCorr    .         Rampage  .   q - +0 pair of gloves
Will     .....                  p - +0 pair of boots
Stlth    +++.......             (no amulet)
HPRegen  0.20/turn              u - +6 ring of dexterity
MPRegen  0.16/turn              (no ring)

@: no status effects
A: fangs 1, strong nose, distributed training
a: Renounce Religion, Channel Magic


You were on level 6 of the Dungeon.
You worshipped Sif Muna.
Sif Muna was pleased with you.
You visited 1 branch of the dungeon, and saw 6 of its levels.

You collected 324 gold pieces.
You spent 88 gold pieces at shops.

Inventory:

Hand Weapons
 b - a +0 hand axe
 g - a +2 dagger of venom (weapon)
 h - a +0 vorpal shortbow
 r - the +2 quarterstaff of Horrom {holy, Fragile rN+ Will+}
   (You found it on level 6 of the Dungeon)

   It has been blessed by the Shining One to cause great damage to the undead
   and demons.
   It protects you from negative energy.
   It will be destroyed if unequipped.
   It increases your willpower.
Missiles
 c - 4 curare-tipped darts
 j - 3 throwing nets
Armour
 a - a +0 robe (worn)
 p - a +0 pair of boots (worn)
 q - a +0 pair of gloves (worn)
 s - a +0 cloak (worn)
Jewellery
 u - a +6 ring of dexterity (left hand)
Wands
 o - a wand of charming (6)
Scrolls
 d - a scroll of magic mapping
 e - 5 scrolls of enchant armour
 f - a scroll of silence {unknown}
 i - a scroll of enchant weapon
 k - 2 scrolls of teleportation
 m - a scroll of amnesia {unknown}
 n - 4 scrolls of identify
 t - a scroll of torment {unknown}
 v - 3 scrolls of brand weapon {unknown}
Potions
 l - a potion of invisibility


   Skills:
 + Level 4.2 Fighting
 + Level 4.2 Short Blades
 + Level 4.2 Long Blades
 + Level 4.2 Axes
 + Level 4.2 Maces & Flails
 + Level 4.2 Polearms
 + Level 4.2 Staves
 + Level 4.2 Slings
 + Level 4.2 Bows
 + Level 4.2 Crossbows
 + Level 4.2 Throwing
 + Level 4.2 Armour
 + Level 6.3 Dodging
 + Level 6.0 Stealth
 + Level 4.2 Shields
 + Level 4.2 Unarmed Combat
 + Level 6.6 Spellcasting
 + Level 3.4 Conjurations
 + Level 3.4 Hexes
 + Level 3.4 Summonings
 + Level 3.4 Necromancy
 + Level 3.4 Translocations
 + Level 3.4 Transmutations
 + Level 3.4 Fire Magic
 + Level 8.0 Ice Magic
 + Level 3.4 Air Magic
 + Level 3.4 Earth Magic
 + Level 3.4 Poison Magic
 + Level 4.6 Invocations
 + Level 4.2 Evocations


You had 4 spell levels left.
You knew the following spells:

 Your Spells              Type           Power      Damage    Failure   Level
a - Freeze                Ice            100%       1d11      1%          1
b - Frozen Ramparts       Ice            68%        1d8       1%          3
c - Ozocubu's Armour      Ice            34%        N/A       1%          3
d - Hailstorm             Conj/Ice       26%        3d7       11%         4
e - Summon Ice Beast      Ice/Summ       26%        N/A       11%         4
f - Blink                 Tloc           N/A        N/A       4%          2

Your spell library contained the following spells:

 Spells                   Type           Power      Damage    Failure   Level
 Ensorcelled Hibernation  Hex/Ice        52%        N/A       1%          2
 Corona                   Hex            20%        N/A       2%          1
 Magic Dart               Conj           72%        1d6       2%          1
 Shock                    Conj/Air       72%        1d7       2%          1
 Call Imp                 Summ           18%        N/A       4%          2
 Slow                     Hex            18%        N/A       4%          2
 Swiftness                Air            18%        N/A       4%          2
 Confusing Touch          Hex            18%        N/A       9%          3
 Conjure Flame            Conj/Fire      18%        6-21      9%          3
 Dazzling Flash           Conj/Hex       36%        N/A       9%          3
 Mephitic Cloud           Conj/Pois/Air  18%        N/A       9%          3
 Static Discharge         Conj/Air       18%        N/A       9%          3
 Tukima's Dance           Hex            18%        N/A       9%          3
 Airstrike                Air            9%         N/A       26%         4
 Lightning Bolt           Conj/Air       9%         1d21      58%         5


Dungeon Overview and Level Annotations

Branches:
Dungeon (6/15)
 Temple: D:4-7

Altars:
Dithmenos
Gozag
Hepliaklqana
Sif Muna
Yredelemnul
Zin

Shops:
D:2 !:(*:   D:5 [


Innate Abilities, Weirdness & Mutations

You have very sharp teeth.
Your uncanny sense of smell can sniff out nearby items.
Your experience applies equally to all skills.


Message History

You hit the steam dragon.
The steam dragon looks as sick as possible!
You bite the steam dragon, but do no damage.
The steam dragon is heavily wounded.
You are engulfed in a cloud of scalding steam.
The steam dragon bites you. The steam dragon claws you.
You barely miss the steam dragon.
You bite the steam dragon, but do no damage.
The steam dragon is heavily wounded.
You are engulfed in a cloud of scalding steam.
You are too injured to fight recklessly!
You are too injured to fight recklessly!
Unknown command.
You hit the steam dragon.
The steam dragon looks as sick as possible!
The steam dragon is severely wounded.
The steam dragon bites you! The steam dragon barely misses you.
You hit the steam dragon but do no damage.
You bite the steam dragon, but do no damage.
The steam dragon is severely wounded.
The steam dragon breathes steam at you. The ball of steam hits you!
* * * LOW HITPOINT WARNING * * *
You hit the steam dragon.
The steam dragon is severely wounded.
You are engulfed in a cloud of scalding steam.
* * * LOW HITPOINT WARNING * * *
The steam dragon bites you but does no damage.
The steam dragon closely misses you.
You hit the steam dragon.
You kill the steam dragon!
Sif Muna accepts your kill.
The steam dragon scales are intact enough to wear.
You are engulfed in a cloud of scalding steam.
Your Stealth skill increases to level 6!
Your Ice Magic skill increases to level 8!
Okay, then.
Okay, then.
You are engulfed in a cloud of scalding steam.
You die...

###.#
♣♣♣♣...♣♣♣
♣.♣♣♣♣.♣ #.#
♣♣♣.♣.♣♣♣♣.♣
♣.♣ #.#
♣♣..♣.♣♣.♣♣
♣♣.♣
♣..♣♣...♣♣
♣.♣♣
♣♣.♣♣♣♣♣♣♣
♣♣.♣ ♣♣..♣
♣.♣♣ ♣§♣♣♣
♣♣.♣ ♣§♣
♣.♣♣ ♣@♣
♣♣♣♣♣.♣ ♣.♣♣
♣.♣♣.♣♣ ♣.
♣♣♣..)♣♣ ♣.
♣♣...♣♣♣ .♣
♣(...♣♣ .
♣.....♣ >♣
♣....♣♣ ♣
♣♣.)♣.♣
♣♣♣♣♣♣


There were no monsters in sight!

Vanquished Creatures
  3 yaks
  A steam dragon (D:6)
  A water moccasin (D:6)
  Duvessa (D:4)
  A necrophage (D:6)
  An ogre (D:6)
  A kobold brigand (D:6)
  A bullfrog (D:6)
  A gnoll sergeant (D:6)
  2 scorpions
  Dowan (D:4)
  A water moccasin skeleton (D:6)
  2 nameless horrors (D:5)
  2 hounds (D:4)
  5 jellies
  3 centaur skeletons
  An orc priest (D:6)
  A bullfrog skeleton (D:6)
  2 gnoll shamans (D:5)
  Natasha (D:2)
  An iguana (D:5)
  An orc wizard (D:4)
  A howler monkey zombie (D:6)
  25 gnolls
  6 adders
  A white imp (D:6)
  A worm (D:2)
  3 dart slugs
  6 orcs
  4 endoplasms
  3 giant cockroaches
  4 goblins
  7 hobgoblins
  16 jackals
  7 quokkas
  4 ball pythons
  5 bats
  4 frilled lizards (D:1)
  11 kobolds
  5 rats
147 creatures vanquished.

Vanquished Creatures (collateral kills)
  An ogre (D:6)
  A bullfrog (D:6)
  A centaur skeleton (D:6)
  An orc wizard (D:6)
  5 gnolls
  An adder (D:6)
  8 orcs
18 creatures vanquished.

Grand Total: 165 creatures vanquished

Notes
Turn   | Place    | Note
-------+----------+-------------------------------------------
     0 | D:1      | robertstho the Gnoll Ice Elementalist began the quest for
                  | the Orb.
     0 | D:1      | Reached XP level 1. HP: 13/13 MP: 6/6
   409 | D:1      | Reached XP level 2. HP: 18/19 MP: 7/7
   717 | D:1      | Found a faded altar of an unknown god.
  1207 | D:2      | Reached XP level 3. HP: 25/25 MP: 9/9
  1222 | D:2      | Reached skill level 5 in Spellcasting
  1228 | D:2      | Reached skill level 1 in Invocations
  1378 | D:2      | Found an opulent altar of Gozag.
  1383 | D:2      | Found Yhipna's Book Emporium.
  1428 | D:2      | Reached skill level 1 in Fighting
  1428 | D:2      | Reached skill level 1 in Short Blades
  1428 | D:2      | Reached skill level 1 in Long Blades
  1428 | D:2      | Reached skill level 1 in Axes
  1428 | D:2      | Reached skill level 1 in Maces & Flails
  1428 | D:2      | Reached skill level 1 in Polearms
  1428 | D:2      | Reached skill level 1 in Staves
  1428 | D:2      | Reached skill level 1 in Slings
  1428 | D:2      | Reached skill level 1 in Bows
  1428 | D:2      | Reached skill level 1 in Crossbows
  1428 | D:2      | Reached skill level 1 in Throwing
  1428 | D:2      | Reached skill level 1 in Armour
  1428 | D:2      | Reached skill level 1 in Shields
  1428 | D:2      | Reached skill level 1 in Unarmed Combat
  1428 | D:2      | Reached skill level 1 in Evocations
  1597 | D:2      | Learned a level 3 spell: Frozen Ramparts
  1601 | D:2      | Learned a level 3 spell: Ozocubu's Armour
  1646 | D:2      | Found Doatuhup's Book Boutique.
  1700 | D:2      | Found Iniasmi's Distillery.
  1714 | D:2      | Bought a potion of degeneration for 13 gold pieces
  1714 | D:2      | Bought a potion of curing for 39 gold pieces
  1780 | D:2      | Found Odeaka's Weapon Boutique.
  1787 | D:2      | Reached XP level 4. HP: 32/32 MP: 6/11
  2057 | D:2      | Reached skill level 1 in Conjurations
  2057 | D:2      | Reached skill level 1 in Hexes
  2057 | D:2      | Reached skill level 1 in Summonings
  2057 | D:2      | Reached skill level 1 in Necromancy
  2057 | D:2      | Reached skill level 1 in Translocations
  2057 | D:2      | Reached skill level 1 in Transmutations
  2057 | D:2      | Reached skill level 1 in Fire Magic
  2057 | D:2      | Reached skill level 1 in Air Magic
  2057 | D:2      | Reached skill level 1 in Earth Magic
  2057 | D:2      | Reached skill level 1 in Poison Magic
  2371 | D:2      | Reached XP level 5. HP: 37/37 MP: 8/12
  2415 | D:2      | Noticed Natasha
  2421 | D:2      | Killed Natasha
  2524 | D:2      | Found Polemuis's Assorted Antiques.
  2532 | D:2      | Bought a fizzy grey potion for 18 gold pieces
  2532 | D:2      | Bought a lumpy emerald potion for 18 gold pieces
  2777 | D:3      | Found a basalt altar of Yredelemnul.
  3816 | D:3      | Found a shimmering blue altar of Sif Muna.
  3816 | D:3      | Found a shadowy altar of Dithmenos.
  3820 | D:3      | Became a worshipper of Sif Muna the Loreminder
  3922 | D:4      | Reached XP level 6. HP: 14/44 MP: 13/13
  4275 | D:4      | Noticed Duvessa
  4275 | D:4      | Noticed Dowan
  4288 | D:4      | Killed Dowan
  4289 | D:4      | Reached skill level 5 in Dodging
  4289 | D:4      | Killed Duvessa
  4617 | D:4      | Reached XP level 7. HP: 47/50 MP: 11/15
  4682 | D:4      | Found an opulent altar of Gozag.
  4682 | D:4      | Found a glowing silver altar of Zin.
  5084 | D:4      | Found a faded altar of an unknown god.
  5099 | D:4      | Found a faded altar of an unknown god.
  5100 | D:4      | Found a hazy altar of Hepliaklqana.
  5762 | D:4      | Reached * piety under Sif Muna
  5804 | D:5      | Entered Level 5 of the Dungeon
  5846 | D:4      | Learned a level 4 spell: Hailstorm
  5851 | D:4      | Learned a level 4 spell: Summon Ice Beast
  5854 | D:4      | Learned a level 2 spell: Blink
  6122 | D:5      | Reached skill level 5 in Stealth
  6564 | D:5      | Noticed a yak
  6570 | D:5      | Noticed a yak
  6570 | D:5      | Killed a yak
  6571 | D:5      | Reached XP level 8. HP: 39/57 MP: 9/16
  6573 | D:5      | Noticed a yak
  6599 | D:4      | Killed a yak
  6873 | D:5      | Found Ited's Antique Armour Shoppe.
  7228 | D:5      | Killed a yak
  7323 | D:5      | Noticed a nameless horror
  7379 | D:5      | Killed a nameless horror
  8160 | D:6      | Identified the +2 quarterstaff of Horrom {holy, Fragile rN+
                  | Will+}
  8390 | D:6      | Reached ** piety under Sif Muna
  8468 | D:6      | Reached XP level 9. HP: 41/65 MP: 8/18
  9158 | D:6      | Reached skill level 8 in Ice Magic
  9158 | D:6      | Engulfed by a cloud of steam

Illustrated notes

Levels and vault maps discovered:
D:1:      heliophobic_arrival_battle_scene, layout_basic,
          ebering_ecumenical_altar_rust, minmay_misc_feat_ornament
D:2:      wander_river, layout_basic, basic_altar, serial_shops,
          nicolae_shop_trees, shop, nicolae_shop_temple_entry_statues_fountains,
          shop, shop, minmay_close_crescents, uniq_natasha
D:3:      layout_basic, nicolae_overflow_crystal_walls,
          gammafunk_temple_overflow_elements
D:4:      layout_basic, grunt_temple_overflow_gold_and_silver,
          nicolae_hepliaklqana_ecumenical_no_more, uniq_duvessa
D:5:      layout_basic, serial_shops, shop, amcnicky_mini_rare_corridor_liquid,
          minmay_hedge_maze, grunt_decor_resistance
D:6:      kb_forest_paths, layout_rooms, serial_glass, glass_columns_b,
          glass_columns_b

Skill      XL: |  1  2  3  4  5  6  7  8  9 |
---------------+----------------------------+-----
Spellcasting   | 5 6 |  6.6
Invocations    | 1 2 3 4 |  4.6
Fighting       | 1 2 3 4 |  4.2
Short Blades   | 1 2 3 4 |  4.2
Long Blades    | 1 2 3 4 |  4.2
Axes           | 1 2 3 4 |  4.2
Maces & Flails | 1 2 3 4 |  4.2
Polearms       | 1 2 3 4 |  4.2
Staves         | 1 2 3 4 |  4.2
Slings         | 1 2 3 4 |  4.2
Bows           | 1 2 3 4 |  4.2
Crossbows      | 1 2 3 4 |  4.2
Throwing       | 1 2 3 4 |  4.2
Armour         | 1 2 3 4 |  4.2
Shields        | 1 2 3 4 |  4.2
Unarmed Combat | 1 2 3 4 |  4.2
Evocations     | 1 2 3 4 |  4.2
Conjurations   | 1 2 3 |  3.4
Hexes          | 1 2 3 |  3.4
Summonings     | 1 2 3 |  3.4
Necromancy     | 1 2 3 |  3.4
Translocations | 1 2 3 |  3.4
Transmutations | 1 2 3 |  3.4
Fire Magic     | 1 2 3 |  3.4
Air Magic      | 1 2 3 |  3.4
Earth Magic    | 1 2 3 |  3.4
Poison Magic   | 1 2 3 |  3.4
Dodging        | 5 6 |  6.3
Stealth        | 5 6 |  6.0
Ice Magic      | 8 |  8.0

Action                   |  1- 3 |  4- 6 |  7- 9 || total
-------------------------+-------+-------+-------++-------
Melee: Hand axe          |    16 |       |       ||    16
       Dagger            |    23 |    85 |   195 ||   303
       Bite              |       |     6 |    18 ||    24
       Punch             |       |     1 |     1 ||     2
 Cast: Freeze            |    29 |     9 |    23 ||    61
       Frozen Ramparts   |       |     8 |    21 ||    29
       Ozocubu's Armour  |       |       |     4 ||     4
       Summon Ice Beast  |       |       |    18 ||    18
       Hailstorm         |       |       |     9 ||     9
  Use: Scroll            |     4 |     2 |       ||     6
       Potion            |       |     3 |       ||     3
 Stab: Sleeping          |     9 |     9 |     7 ||    25
       Distracted        |       |       |     1 ||     1
Armor: Robe              |     6 |    17 |    28 ||    51
Dodge: Dodged            |    59 |    62 |   158 ||   279

Table legend: (Time is in decaauts)
 A = Elapsed time spent in this place.
 B = Non-inter-level travel time spent in this place.
 C = Inter-level travel time spent in this place.
 D = Time resting spent in this place.
 E = Time spent auto-exploring this place.
 F = Levels seen in this place.
 G = Mean time per level.
                   A        B        C        D        E       F      G
               +--------+--------+--------+--------+--------+-----+--------+
         Total |   9155 |   8802 |    353 |    968 |   6633 |   6 | 1525.8 |
       Dungeon |   9155 |   8802 |    353 |    968 |   6633 |   6 | 1525.8 |
               +--------+--------+--------+--------+--------+-----+--------+

Top non-repeatable levels by time:
     D:5: 2125 daAuts
     D:4: 2011 daAuts
     D:2: 1526 daAuts
     D:3: 1432 daAuts
     D:1: 1178 daAuts
     D:6: 882 daAuts
